| TOP OF THE 1ST |
|
Chicago Cubs batting - Pitching for Montreal Expos : RHP Antonio Atayde
|
|
Pitching: RHP Antonio Atayde
|
|
|
Batting: LHB Gerald Perry
|
0-0: Called Strike 0-1: Ball 1-1: Foul Ball, location: 2F 1-2: Ground out 4-3 (Groundball, 4, EV 83.8 MPH)
|
|
Batting: RHB Bill Madlock
|
0-0: Swinging Strike 0-1: Ball 1-1: Ball 2-1: Ball 3-1: Foul Ball, location: 2F 3-2: Base on Balls
|
|
Batting: RHB Lonnie Smith
|
0-0: 2-RUN HOME RUN (Flyball, 78XD, EV 100.0 MPH), Distance : 397 ft
|
|
Batting: RHB Jim Rice
|
0-0: Ground out 5-3 (Groundball, 56, EV 83.8 MPH)
|
|
Batting: SHB Roy Smalley
|
0-0: Ball 1-0: Called Strike 1-1: Swinging Strike 1-2: Foul Ball, location: 2F 1-2: Strikes out swinging
|
| Top of the 1st over - 2 runs, 1 hit, 0 errors, 0 left on base; Chicago 2 - Montreal 0 |
| BOTTOM OF THE 1ST |
|
Montreal Expos batting - Pitching for Chicago Cubs : LHP Roy Sheldon
|
|
Pitching: LHP Roy Sheldon
|
|
|
Batting: LHB Guonçalo Fernandes
|
0-0: Ball 1-0: Swinging Strike 1-1: Fly out, F2 (Popup, 5SF, EV 85.0 MPH)
|
|
Batting: SHB Garry Templeton
|
0-0: Ball 1-0: Ball 2-0: Fly out, F9 (Line Drive, 9, EV 93.1 MPH)
|
|
Batting: LHB Kirk Gibson
|
0-0: Called Strike 0-1: Foul Ball, location: 2F 0-2: Ball 1-2: Ball 2-2: Ball 3-2: Strikes out swinging
|
| Bottom of the 1st over - 0 runs, 0 hits, 0 errors, 0 left on base; Chicago 2 - Montreal 0 |
| TOP OF THE 2ND |
|
Chicago Cubs batting - Pitching for Montreal Expos : RHP Antonio Atayde
|
|
Batting: RHB Randy Ready
|
0-0: Called Strike 0-1: Swinging Strike 0-2: Ball 1-2: Ball 2-2: SINGLE (Groundball, 6MD, EV 98.1 MPH)
|
|
Batting: RHB Fran Mullins
|
0-0: Ball 1-0: Foul Ball, location: 2F 1-1: Swinging Strike 1-2: Ball 2-2: Foul Ball, location: 2F 2-2: Strikes out swinging
|
|
Batting: RHB Bob Brenly
|
0-0: Ball Pickoff Throw to First - Out! 1-3 1-0: Ball 2-0: Foul Ball, location: 2F 2-1: Foul Ball, location: 2F 2-2: Foul Ball, location: 2F 2-2: Ball 3-2: Base on Balls
|
|
Batting: LHB Roy Sheldon
|
0-0: Foul Ball, location: 2F 0-1: Foul Ball, location: 2F 0-2: Ground out 6-3 (Groundball, 56D, EV 83.8 MPH)
|
| Top of the 2nd over - 0 runs, 1 hit, 0 errors, 1 left on base; Chicago 2 - Montreal 0 |
| BOTTOM OF THE 2ND |
|
Montreal Expos batting - Pitching for Chicago Cubs : LHP Roy Sheldon
|
|
Batting: RHB Dale Murphy
|
0-0: Fly out, F4 (Popup, 34, EV 70.6 MPH)
|
|
Batting: RHB Dave Winfield
|
0-0: Ball 1-0: Called Strike 1-1: Foul Ball, location: 2F 1-2: Foul Ball, location: 2F 1-2: Ball 2-2: Foul Ball, location: 2F 2-2: Foul Ball, location: 2F 2-2: Ball 3-2: Fly out, F8 (Line Drive, 8RD, EV 89.4 MPH)
|
|
Batting: LHB Timnothy Meyer
|
0-0: Fly out, F9 (Flyball, 89D, EV 93.8 MPH)
|
| Bottom of the 2nd over - 0 runs, 0 hits, 0 errors, 0 left on base; Chicago 2 - Montreal 0 |
| TOP OF THE 3RD |
|
Chicago Cubs batting - Pitching for Montreal Expos : RHP Antonio Atayde
|
|
Batting: LHB Gerald Perry
|
0-0: Foul Ball, location: 2F 0-1: Swinging Strike 0-2: Foul Ball, location: 2F 0-2: Ball 1-2: Ball 2-2: Strikes out swinging
|
|
Batting: RHB Bill Madlock
|
0-0: Ball 1-0: Foul Ball, location: 2F 1-1: Ball 2-1: Foul Ball, location: 2F 2-2: Ball 3-2: Base on Balls
|
|
Batting: RHB Lonnie Smith
|
0-0: Called Strike 0-1: Foul Ball, location: 2F 0-2: Hit by Pitch Bill Madlock to second
|
|
Batting: RHB Jim Rice
|
0-0: Foul Ball, location: 2F 0-1: Called Strike 0-2: Strikes out swinging
|
|
Batting: SHB Roy Smalley
|
0-0: Called Strike 0-1: Called Strike 0-2: Strikes out swinging
|
| Top of the 3rd over - 0 runs, 0 hits, 0 errors, 2 left on base; Chicago 2 - Montreal 0 |
| BOTTOM OF THE 3RD |
|
Montreal Expos batting - Pitching for Chicago Cubs : LHP Roy Sheldon
|
|
Batting: SHB Biff Pocoroba
|
0-0: Ground out 5-3 (Groundball, 56S, EV 86.3 MPH)
|
|
Batting: LHB Ernesto Quevedo
|
0-0: SOLO HOME RUN (Flyball, 89XD, EV 93.1 MPH), Distance : 430 ft
|
|
Batting: RHB Antonio Atayde
|
0-0: Called Strike 0-1: Ball 1-1: Swinging Strike 1-2: Strikes out swinging, 2-3 out at first.
|
|
Batting: LHB Guonçalo Fernandes
|
0-0: SINGLE (Groundball, 56, EV 86.9 MPH) (infield hit)
|
|
Batting: SHB Garry Templeton
|
0-0: Ball 1-0: Ball 2-0: Called Strike 2-1: Ball 3-1: Fly out, F7 (Flyball, 78S, EV 80.6 MPH)
|
| Bottom of the 3rd over - 1 run, 2 hits, 0 errors, 1 left on base; Chicago 2 - Montreal 1 |
| TOP OF THE 4TH |
|
Chicago Cubs batting - Pitching for Montreal Expos : RHP Antonio Atayde
|
|
Batting: RHB Randy Ready
|
0-0: Ball 1-0: Hit by Pitch
|
|
Batting: RHB Fran Mullins
|
0-0: Called Strike 0-1: Called Strike 0-2: Foul Ball, location: 2F 0-2: Foul Ball, location: 2F 0-2: Ball 1-2: Strikes out swinging
|
|
Batting: RHB Bob Brenly
|
0-0: Called Strike 0-1: Called Strike 0-2: Foul Ball, location: 2F 0-2: Grounds into double play, 4-6-3 (Groundball, 4, EV 85.6 MPH)
|
| Top of the 4th over - 0 runs, 0 hits, 0 errors, 0 left on base; Chicago 2 - Montreal 1 |
| BOTTOM OF THE 4TH |
|
Montreal Expos batting - Pitching for Chicago Cubs : LHP Roy Sheldon
|
|
Batting: LHB Kirk Gibson
|
0-0: Ball 1-0: Called Strike 1-1: Foul Ball, location: 2F 1-2: SINGLE (Groundball, 4M, EV 96.3 MPH) (infield hit)
|
|
Batting: RHB Dale Murphy
|
0-0: Ball 1-0: Fly out, F9 (Flyball, 89S, EV 90.0 MPH)
|
|
Batting: RHB Dave Winfield
|
0-0: Ball Kirk Gibson steals 2nd base 1-0: Ball 2-0: Called Strike 2-1: Called Strike 2-2: Fly out, F9 (Flyball, 9LS, EV 95.0 MPH)
|
|
Batting: LHB Timnothy Meyer
|
0-0: Ground out U3 (Groundball, 34, EV 101.3 MPH)
|
| Bottom of the 4th over - 0 runs, 1 hit, 0 errors, 1 left on base; Chicago 2 - Montreal 1 |
| TOP OF THE 5TH |
|
Chicago Cubs batting - Pitching for Montreal Expos : RHP Antonio Atayde
|
|
Batting: LHB Roy Sheldon
|
0-0: DOUBLE (Line Drive, 89M, EV 109.4 MPH)
|
|
Batting: LHB Gerald Perry
|
0-0: Ball Wild Pitch! Roy Sheldon to third 1-0: Ball 2-0: Foul Ball, location: 2F 2-1: Fly out, F8 (Flyball, 8LXD, EV 101.3 MPH) Runner from 3rd tags up, SCORES, no throw by CF
|
|
Batting: RHB Bill Madlock
|
0-0: Called Strike 0-1: Ground out 4-3 (Groundball, 4, EV 104.4 MPH)
|
|
Batting: RHB Lonnie Smith
|
0-0: Ball 1-0: Swinging Strike 1-1: Ground out 5-3 (Groundball, 56S, EV 80.6 MPH)
|
| Top of the 5th over - 1 run, 1 hit, 0 errors, 0 left on base; Chicago 3 - Montreal 1 |
| BOTTOM OF THE 5TH |
|
Montreal Expos batting - Pitching for Chicago Cubs : LHP Roy Sheldon
|
|
Batting: SHB Biff Pocoroba
|
0-0: Called Strike 0-1: SINGLE (Groundball, 6MD, EV 98.1 MPH)
|
|
Batting: LHB Ernesto Quevedo
|
0-0: Ball 1-0: Ball Wild Pitch! Biff Pocoroba to second 2-0: Ball 3-0: Called Strike 3-1: Foul Ball, location: 2F 3-2: DOUBLE (Line Drive, 78D, EV 106.9 MPH) Biff Pocoroba scores
|
|
Batting: RHB Antonio Atayde
|
0-0: Sac Bunt to 13 - play at first, batter OUT! 1-4 Ernesto Quevedo to third
|
|
Batting: LHB Guonçalo Fernandes
|
0-0: Ball 1-0: Called Strike 1-1: SINGLE (Groundball, 34D, EV 95.0 MPH) Ernesto Quevedo scores
|
|
Batting: SHB Garry Templeton
|
0-0: Ball Guonçalo Fernandes steals 2nd base 1-0: Ball 2-0: Reached on error, E3 (Groundball, 34, EV 82.5 MPH) Guonçalo Fernandes scores
|
|
Batting: LHB Kirk Gibson
|
0-0: Ball Garry Templeton steals 3rd base 1-0: Ball 2-0: Ball 3-0: Called Strike 3-1: Foul Ball, location: 2F 3-2: Fly out, F9 (Line Drive, 9, EV 86.9 MPH) Runner from 3rd tags up, SCORES, no throw by RF
|
|
Batting: RHB Dale Murphy
|
0-0: Ball 1-0: Ball 2-0: Called Strike 2-1: Called Strike 2-2: Ground out 6-3 (Groundball, 6, EV 105.0 MPH)
|
| Bottom of the 5th over - 4 runs, 3 hits, 1 error, 0 left on base; Chicago 3 - Montreal 5 |
| TOP OF THE 6TH |
|
Chicago Cubs batting - Pitching for Montreal Expos : RHP Antonio Atayde
|
|
Batting: RHB Jim Rice
|
0-0: Ball 1-0: Fly out, F7 (Line Drive, 7, EV 86.9 MPH)
|
|
Batting: SHB Roy Smalley
|
0-0: Called Strike 0-1: Ball 1-1: Foul Ball, location: 2F 1-2: Strikes out swinging
|
|
Batting: RHB Randy Ready
|
0-0: Ground out 5-3 (Groundball, 56, EV 81.9 MPH)
|
| Top of the 6th over - 0 runs, 0 hits, 0 errors, 0 left on base; Chicago 3 - Montreal 5 |
| BOTTOM OF THE 6TH |
|
Montreal Expos batting - Pitching for Chicago Cubs : LHP Roy Sheldon
|
|
Batting: RHB Dave Winfield
|
0-0: Ball 1-0: Foul Ball, location: 2F 1-1: Ball 2-1: Called Strike 2-2: Foul Ball, location: 2F 2-2: Strikes out swinging
|
|
Batting: LHB Timnothy Meyer
|
0-0: Called Strike 0-1: SINGLE (Groundball, 6D, EV 98.1 MPH)
|
|
Batting: SHB Biff Pocoroba
|
0-0: Ball 1-0: Called Strike 1-1: Ball 2-1: Called Strike 2-2: Foul Ball, location: 2F 2-2: Ball 3-2: Fly out, F8 (Flyball, 89D, EV 103.8 MPH)
|
|
Batting: LHB Ernesto Quevedo
|
0-0: Called Strike 0-1: Ball 1-1: Ball 2-1: Swinging Strike 2-2: Strikes out swinging
|
| Bottom of the 6th over - 0 runs, 1 hit, 0 errors, 1 left on base; Chicago 3 - Montreal 5 |
| TOP OF THE 7TH |
|
Chicago Cubs batting - Pitching for Montreal Expos : RHP Antonio Atayde
|
|
Batting: RHB Fran Mullins
|
0-0: Called Strike 0-1: Ground out U3 (Groundball, 34, EV 83.1 MPH)
|
|
Batting: RHB Bob Brenly
|
0-0: Ball 1-0: Called Strike 1-1: Swinging Strike 1-2: Strikes out swinging
|
|
Batting: LHB Roy Sheldon
|
0-0: Ball 1-0: Called Strike 1-1: Foul Ball, location: 2F 1-2: Ball 2-2: Strikes out swinging
|
| Top of the 7th over - 0 runs, 0 hits, 0 errors, 0 left on base; Chicago 3 - Montreal 5 |
| BOTTOM OF THE 7TH |
|
Montreal Expos batting - Pitching for Chicago Cubs : LHP Roy Sheldon
|
|
Batting: RHB Antonio Atayde
|
0-0: Ground out 5-3 (Groundball, 56S, EV 83.8 MPH)
|
|
Batting: LHB Guonçalo Fernandes
|
0-0: Fly out, F3 (Flyball, 3D, EV 91.9 MPH)
|
|
Batting: SHB Garry Templeton
|
0-0: Called Strike 0-1: Ground out 1-3 (Groundball, 13S, EV 70.6 MPH)
|
| Bottom of the 7th over - 0 runs, 0 hits, 0 errors, 0 left on base; Chicago 3 - Montreal 5 |
| TOP OF THE 8TH |
|
Chicago Cubs batting - Pitching for Montreal Expos : RHP Antonio Atayde
|
|
Batting: LHB Gerald Perry
|
0-0: Swinging Strike 0-1: Foul Ball, location: 2F 0-2: Ball 1-2: Ball 2-2: Ball 3-2: Fly out, F8 (Line Drive, 8LM, EV 92.5 MPH)
|
|
Batting: RHB Bill Madlock
|
0-0: Ground out 6-3 (Groundball, 6M, EV 101.9 MPH)
|
|
Batting: RHB Lonnie Smith
|
0-0: SINGLE (Line Drive, 8LS, EV 96.3 MPH)
|
|
Batting: RHB Jim Rice
|
0-0: Ball 1-0: Foul Ball, location: 2F 1-1: Ground out U3 (Groundball, 3, EV 86.3 MPH)
|
| Top of the 8th over - 0 runs, 1 hit, 0 errors, 1 left on base; Chicago 3 - Montreal 5 |
| BOTTOM OF THE 8TH |
|
Montreal Expos batting - Pitching for Chicago Cubs : LHP Roy Sheldon
|
|
Batting: LHB Kirk Gibson
|
0-0: Ball 1-0: Called Strike 1-1: Ball 2-1: Fly out, F8 (Line Drive, 8LM, EV 90.0 MPH)
|
|
Batting: RHB Dale Murphy
|
0-0: Called Strike 0-1: Ground out 5-3 (Groundball, 5S, EV 91.3 MPH)
|
|
Batting: RHB Dave Winfield
|
0-0: Called Strike 0-1: Ball 1-1: Ball 2-1: Fly out, F5 (Line Drive, 6, EV 65.0 MPH)
|
| Bottom of the 8th over - 0 runs, 0 hits, 0 errors, 0 left on base; Chicago 3 - Montreal 5 |
| TOP OF THE 9TH |
|
Chicago Cubs batting - Pitching for Montreal Expos : RHP Antonio Atayde
|
|
Now in CF: Duane Walker
|
|
|
Now in RF: Luis Sanchez
|
|
|
Batting: SHB Roy Smalley
|
0-0: Foul Ball, location: 2F 0-1: Ball 1-1: Ball 2-1: Ground out 1-3 (Groundball, 13S, EV 75.6 MPH)
|
|
Batting: RHB Randy Ready
|
0-0: Called Strike 0-1: DOUBLE (Flyball, 89D, EV 93.8 MPH)
|
|
Pinch Hitting: LHB Dave Bergman
|
0-0: Foul Ball, location: 2F 0-1: Foul Ball, location: 2F 0-2: Ball 1-2: Fly out, F2 (Popup, 3SF, EV 77.5 MPH)
|
|
Batting: RHB Bob Brenly
|
0-0: Ball 1-0: Ball 2-0: Foul Ball, location: 2F 2-1: Called Strike 2-2: Fly out, F9 (Flyball, 89S, EV 79.4 MPH)
|
| Top of the 9th over - 0 runs, 1 hit, 0 errors, 1 left on base; Chicago 3 - Montreal 5 |
|